Description

DOuble Reaper to Cyclone Medivac All in. Hits around 3:30.

Replay - Catalyst LE (TvT) SALTKING reapers cyclones and medivac

Build Order

Get SALT Encoding   

  12  0:01  SCV  
  13  0:13  SCV  
  14  0:17  Supply Depot  
  14  0:25  SCV  
  15  0:31  Refinery  
  15  0:39  SCV  
  16  0:47  Barracks  
  16  0:51  SCV  
  16  0:57  Refinery  
  17  1:03  SCV  
  18  1:15  SCV  
  19  1:27  SCV  
  20  1:33  Reaper  
  20  1:38  Factory  
  20  1:39  SCV  
  22  1:47  Supply Depot  
  22  1:51  SCV  
  23  2:09  Reaper, Orbital Command  
  27  2:22  Cyclone  
  27  2:24  Starport  
  27  2:30  Supply Depot  
  29  2:50  Barracks Tech Lab  
  28  2:58  Cyclone  
  32  3:04  Medivac  
  34  3:08  Supply Depot  
  36  3:20  Liberator  
  41  3:49  Command Center  
  41  4:09  Cyclone  
  45  4:10  Marine  
  45  4:11  Stimpack  
  45  4:15  Barracks  
  46  5:03  Orbital Command  
  39  5:08  Barracks Reactor  
  39  5:10  Refinery  
  39  5:11  Starport Reactor, Factory Reactor  
  39  5:13  Marine  
  40  5:15  Refinery  
  40  5:17  Barracks x2  
  40  5:19  Engineering Bay x2  
  38  5:31  Marine  
  41  5:44  Marine x2  
  41  5:47  Terran Infantry Armor Level 1, Terran Infantry Weapons Level 1  
  44  5:53  Marine  
  48  6:06  Supply Depot  
  48  6:09  Marine x2  
  51  6:13  Medivac, Factory Tech Lab  
  51  6:14  Marine x2, Combat Shields  
  61  6:37  Siege Tank  
  70  6:43  Armory  
  73  7:03  Starport Reactor  
  83  7:33  Siege Tank  
  90  7:46  Medivac x2  
  99  7:52  Command Center  
  99  7:56  Terran Infantry Weapons Level 2  
  99  8:02  Terran Infantry Armor Level 2  
  99  8:22  Siege Tank  
  99  8:24  Viking x2  
  110  8:47  Refinery  
  110  9:04  Marauder, Medivac x2  
  116  9:18  Orbital Command  
  116  9:21  Siege Tank  
  122  9:26  Marauder  
  120  9:39  Viking x2  
  131  9:57  Siege Tank  
Spawning Tool Build Advisor. Get it on Overwolf

Go to:

Details

  • Created by: silverhorn  
  • Published on: Aug 02, 2018
  • Modified on: Aug 02, 2018
  • Patch: 4.0.0
Show
View Real Time Build Order
Export as new Build Order

Comments (0)

There are no comments. Be the first!

Create an account to comment!